 Dungeon Crawl Stone Soup version 0.31-a0-1522-g43313d8a59 (webtiles) character file.

Game seed: 5191996923323416198

39 AstroCodex24 the Trooper (level 3, -1/31 HPs)
             Began as a Demigod Fighter on Dec 31, 2023.
             Slain by an orc
             ... wielding a +0 dagger
              (3 damage)
             ... on level 4 of the Dungeon.
             The game lasted 00:01:22 (335 turns).

AstroCodex24 the Trooper (Demigod Fighter)           Turns: 335, Time: 00:01:23

Health: -1/31      AC:  2    Str: 21    XL:     3   Next: 11%
Magic:  5/5        EV:  9    Int: 10    God:
Gold:   22         SH:  4    Dex: 13    Spells: 2/2 levels left

rFire   . . .        a - +0 war axe
rCold   . . .        c - +0 buckler
rNeg    . . .        b - +0 scale mail
rPois   .            (no helmet)
rElec   .            (no cloak)
rCorr   .            (no gloves)
SInv    .            (no boots)
Will    .....        (no amulet) Stlth
                     (no ring)
HPRegen 0.25/turn    (no ring)
MPRegen 0.09/turn

%: no passive effects
@: corroded
A: high MP 1, forlorn, divine attributes
a: no special abilities


You were on level 4 of the Dungeon.
You visited 1 branch of the dungeon, and saw 3 of its levels.

You collected 22 gold pieces.

Inventory:

Hand Weapons
 a - a +0 war axe (weapon)
Armour
 b - a +0 scale mail (worn)
 c - a +0 buckler (worn)
Scrolls
 e - a scroll of vulnerability {unknown}
Potions
 d - a potion of might
 f - a potion of mutation {unknown}
 g - a potion of haste {unknown}


   Skills:
 + Level 3.1 Fighting
 + Level 2.3 Axes
 + Level 3.0 Armour
 + Level 0.2 Dodging
 + Level 2.9 Shields


You had 2 spell levels left.
You didn't know any spells.
Your spell library was empty.

Dungeon Overview and Level Annotations

Branches:
Dungeon (2/15)


Innate Abilities, Weirdness & Mutations

You have an increased reservoir of magic. (+10% MP)
You shall have no god before yourself.
Your divine heritage dramatically boosts your attributes as you level up.


Message History

The shaft crumbles and collapses.
A jelly comes into view.
The jelly quivers.
An orc comes into view. It is wielding a +0 dagger.
The orc shouts!
The jelly hits you but does no damage.
You slash the jelly!
Your hands burn!
The jelly is heavily wounded.
The jelly hits you.
You are splashed with acid.
You hit the jelly. The acid corrodes you!
Your hands burn!
The jelly is severely wounded.
The jelly misses you.
You hit the jelly but do no damage.
Your hands burn!
The jelly is severely wounded.
The jelly closely misses you. The jelly barely misses you.
You hit the jelly.
Your hands burn!
* * * LOW HITPOINT WARNING * * *
The jelly is almost dead.
The jelly barely misses you.
You hit the jelly.
You kill the jelly!
You hit the orc. The orc hits you but does no damage.
The orc closely misses you.
Your Axes skill increases to level 2!
Your Armour skill increases to level 3!
You have reached level 2!
You have reached level 3!
Your experience leads to a dramatic increase in your attributes!
Increase (S)trength, (I)ntelligence, or (D)exterity?
You feel stronger. x4
The orc attacks as it pursues you! You block the orc's attack.
The orc attacks as it pursues you! The orc hits you with a +0 dagger.
* * * LOW HITPOINT WARNING * * *
The orc hits you with a +0 dagger.
* * * LOW HITPOINT WARNING * * *
You barely miss the orc.
The orc is heavily wounded.
The orc hits you with a +0 dagger.
* * * LOW HITPOINT WARNING * * *
The orc hits you with a +0 dagger.
You die...

### #.. #.# #########
#.# ......... ..#
##~..#.# #.#
.#.~~~..#####.#####.#
..~~~~~.@o...........
##~.~.~########..##.#
##...# .# ##.# # #. #


You could see an orc.

Vanquished Creatures
  A jelly (D:4)
  2 bats (D:1)
  An endoplasm (D:1)
  A goblin (D:1)
  A hobgoblin (D:1)
  A kobold (D:1)
  A ball python (D:1)
  2 rats (D:1)
10 creatures vanquished.

Notes
Turn   | Place    | Note
-------+----------+-------------------------------------------
     0 | D:1      | AstroCodex24 the Demigod Fighter began the quest for the
                  | Orb.
     0 | D:1      | Reached XP level 1. HP: 18/18 MP: 3/3
   310 | D:2      | You fall into a shaft and drop 2 floors!
   315 | D:4      | Noticed a jelly
   329 | D:4      | Killed a jelly
   330 | D:4      | Reached XP level 2. HP: 6/26 MP: 4/4
   330 | D:4      | Reached XP level 3. HP: 7/31 MP: 5/5
   335 | D:4      | Slain by an orc

Illustrated notes

Levels and vault maps discovered:
D:1:      co_arrival_square_in_a_square_in_a_square, layout_basic,
          shapermc_ecumenical_altar_pompeii
D:2:      layout_loops_cross
D:4:      layout_loops_ring, minivault_26, ldierk_geyser, uniq_ijyb

Skill      XL: |  1 |
---------------+----+-----
Fighting       | 3 |  3.1
Axes           | 2 |  2.3
Armour         | 3 |  3.0
Dodging        | |  0.2
Shields        | |  2.9

Action                     || total
---------------------------++-------
  Melee: War axe           ||    42
 Armour: Scale mail        ||    34
  Dodge: Dodged            ||    29
  Block: Buckler           ||     8

Table legend: (Time is in decaauts)
 A = Elapsed time spent in this place.
 B = Non-inter-level travel time spent in this place.
 C = Inter-level travel time spent in this place.
 D = Time resting spent in this place.
 E = Time spent auto-exploring this place.
 F = Levels seen in this place.
 G = Mean time per level.
                   A        B        C        D        E       F      G
               +--------+--------+--------+--------+--------+-----+--------+
         Total |    353 |    350 |      3 |      0 |      0 |   3 |  117.7 |
       Dungeon |    353 |    350 |      3 |      0 |      0 |   3 |  117.7 |
               +--------+--------+--------+--------+--------+-----+--------+

Top non-repeatable levels by time:
     D:1: 284 daAuts
     D:2: 41 daAuts
     D:4: 26 daAuts
